 Dungeon Crawl Stone Soup version 0.31.0-11-ge490571c62 (webtiles) character file.

Game seed: 12523407418768196771

2151 hikkokomori the Magician (level 9, -4/49 HPs)
             Began as a Deep Elf Earth Elementalist on Feb 4, 2024.
             Slain by a yak (15 damage)
             ... on level 6 of the Dungeon.
             The game lasted 00:17:36 (6326 turns).

hikkokomori the Magician (DEEE)                     Turns: 6326, Time: 00:17:37

Health: -4/49      AC:  4    Str:  7    XL:     9   Next: 10%
Magic:  9/21       EV: 12    Int: 23    God:
Gold:   280        SH:  5    Dex: 15    Spells: 2/22 levels left

rFire   . . .        c - +4 rapier (venom)
rCold   + . .        (no shield)
rNeg    . . .        a - +0 robe
rPois   .            (no helmet)
rElec   .            j - +1 cloak {Stlth+}
rCorr   .            (no gloves)
SInv    .            (no boots)
Will    .....        m - amulet of reflection
Stlth   +++          h - ring of protection from cold
HPRegen 0.28/turn    (no ring)
MPRegen 0.17/turn

%: reflection
@: on berserk cooldown, slowed, very slow
A: no striking features
a: no special abilities


You were on level 6 of the Dungeon.
You visited 1 branch of the dungeon, and saw 6 of its levels.

You collected 280 gold pieces.

Inventory:

Hand Weapons
 c - a +4 rapier of venom (weapon)
 e - a +0 short sword of freezing
 i - a +2 short sword of freezing
 q - a +0 orcbow
Armour
 a - a +0 robe (worn)
 j - a +1 cloak of stealth (worn)
Jewellery
 h - a ring of protection from cold (left hand)
 m - an amulet of reflection (around neck)
Scrolls
 g - a scroll of brand weapon
Potions
 b - a potion of heal wounds {unknown}
 s - a potion of enlightenment


   Skills:
 + Level 2.9 Fighting
 + Level 4.3 Ranged Weapons
 - Level 2.5 Dodging
 - Level 2.5 Stealth
 - Level 7.0 Spellcasting
 - Level 5.2 Conjurations
 + Level 6.1 Summonings
 + Level 3.5 Fire Magic
 - Level 6.2 Earth Magic


You had 2 spell levels left.
You knew the following spells:

 Your Spells              Type           Power      Damage    Failure   Level
a - Sandblast             Erth           72%        2d16      1%          1
b - Stone Arrow           Conj/Erth      68%        3d11      2%          3
c - Call Canine Familiar  Summ           36%        N/A       1%          3
d - Apportation           Tloc           16%        N/A       8%          1
e - Brom's Barrelling Bo  Conj/Erth      34%        2d5       7%          4
f - Petrify               Alch/Erth      22%        N/A       22%         4
g - Summon Blazeheart Go  Fire/Summ      30%        N/A       11%         4

Your spell library contained the following spells:

 Spells                   Type           Power      Damage    Failure   Level
 Momentum Strike          Conj/Tloc      40%        3d9       4%          2
 Jinxbite                 Hex            16%        N/A       12%         2
 Passwall                 Erth           36%        N/A       1%          3
 Sigil of Binding         Hex            8%         N/A       22%         3
 Dimensional Bullseye     Hex/Tloc       4%         N/A       58%         4
 Alistair's Intoxication  Alch           5%         N/A       91%         5
 Spellforged Servitor     Conj/Summ      17%        N/A       99%         7
 Summon Hydra             Summ           18%        N/A       99%         7


Dungeon Overview and Level Annotations

Branches:
Dungeon (6/15)
 Temple: D:4-7

Altars:
Fedhas
Hepliaklqana
Kikubaaqudgha

Shops:
D:1 *

Annotations:
D:2 Ijyb


Message History

The kobold hits you with a +0 dagger.
* * * LOW HITPOINT WARNING * * *
There is an open door, spattered with blood here.
Things that are here:
a +4 rapier of venom; a +1 leather armour of willpower You closely miss the kobold.
Your punch misses the kobold. You hit the kobold. You freeze the kobold.
You kill the kobold!
You are too berserk!
Your +2 short sword of freezing stops glowing.
Your +4 rapier of venom begins to drip with poison!
c - a +4 rapier of venom (weapon)
You feel a strong urge to attack something.
You slam the door shut with a bang, pushing everything out of the way!
Something shouts, "Flee, thou erky shard-borne blabberskite!"
You hear a bellow! x4
You start resting.
You feel your anger nearly subside.
You are no longer berserk.
You are exhausted.
You feel yourself slow down.
You start resting.
A shadow imp comes into view.
Casting: Sandblast (safe; 1% risk of failure)
Confirm with . or Enter, or press ? or * to list all spells.
Aiming: Stone Arrow (dangerous; 2% risk of failure)
Press: ? - help, Shift-Dir - straight line, f - shadow imp
Aim: a shadow imp (71% to hit)
The stone arrow hits the shadow imp!
You kill the shadow imp!
Unknown command.
You close the door.
You close the door.
The yak bellows!
A yak comes into view.
A yak comes into view. x2
The yak moves out of view.
You open the door.
You hear the rapid hiss of a distant avalanche of sand.
The yak gores you!
You die...

...Y.§§§§§......#
....#§..§§.####. ##### ..
##+##Y####e..#..# ....#
..##.....# #...'.§# .# ....#
.........# ##..#..#..# ....#
.......Y.# #..####..# ....#
........######.....?..#
#'#########....##.....).PP...##
....##...##....Y@).)...~.~P...#
.........##....##[.....~.~P...#
.........##....##......~P~....#
..........#.....+......~.~P...#
.>........#....##...#.....P..#
..........#....##...#.......##
....##...#####+##....#....###
....##...##....##....#....#
....#######.....'.)..#....#


You could see a yak.

Vanquished Creatures
  Prince Ribbit (D:5)
  Duvessa (D:6)
  A sky beast (D:6)
  A black bear (D:5)
  An ice beast (D:6)
  An ogre (D:5)
  2 centaurs
  2 phantoms (D:6)
  A bullfrog (D:6)
  2 scorpions
  Dowan (D:6)
  2 bombardier beetles (D:6)
  8 hounds
  A jelly (D:5)
  Crazy Yiuf (D:3)
  An orc priest (D:5)
  4 iguanas
  Natasha (thrice) (D:3)
  2 orc wizards
  4 gnolls
  8 adders
  2 shadow imps (D:6)
  A white imp (D:5)
  2 ufetubi (D:5)
  3 dart slugs
  3 ribbon worms
  13 orcs
  4 bats
  8 endoplasms
  4 giant cockroaches
  10 hobgoblins
  6 jackals
  8 quokkas
  8 ball pythons
  4 frilled lizards
  7 goblins
  10 kobolds
  6 rats
147 creatures vanquished.

Vanquished Creatures (collateral kills)
  A kobold brigand (D:6)
  An orc wizard (D:6)
2 creatures vanquished.

Vanquished Creatures (others)
  A human (D:3)
1 creature vanquished.

Grand Total: 150 creatures vanquished

Notes
Turn   | Place    | Note
-------+----------+-------------------------------------------
     0 | D:1      | hikkokomori the Deep Elf Earth Elementalist began the quest
                  | for the Orb.
     0 | D:1      | Reached XP level 1. HP: 10/10 MP: 6/6
    14 | D:1      | Found Zetiemece's General Store.
   152 | D:1      | Reached XP level 2. HP: 4/16 MP: 5/8
   413 | D:1      | Reached XP level 3. HP: 20/20 MP: 5/10
   836 | D:1      | Reached skill level 1 in Fighting
   935 | D:1      | Learned a level 3 spell: Stone Arrow
   939 | D:1      | Learned a level 3 spell: Call Canine Familiar
  1422 | D:2      | Reached XP level 4. HP: 21/25 MP: 8/11
  1519 | D:2      | Reached skill level 4 in Spellcasting
  1567 | D:2      | Found a faded altar of an unknown god.
  1576 | D:2      | Reached skill level 1 in Summonings
  2009 | D:3      | Noticed Ijyb
  2012 | D:3      | Noticed Natasha
  2022 | D:3      | Paralysed by Ijyb for 5 turns
  2247 | D:3      | Killed Natasha
  2590 | D:3      | Noticed a scorpion
  2595 | D:3      | Killed a scorpion
  2596 | D:3      | Reached XP level 5. HP: 15/29 MP: 6/13
  2769 | D:3      | Noticed Natasha
  2775 | D:3      | Killed Natasha
  2982 | D:3      | Got Xumuq's Folio of Phantasmal Shifting
  3075 | D:3      | Found an ancient bone altar of Kikubaaqudgha.
  3075 | D:3      | Noticed a human
  3080 | D:3      | Killed a human
  3219 | D:3      | Noticed Natasha
  3222 | D:3      | Killed Natasha
  3223 | D:3      | Reached skill level 5 in Spellcasting
  3223 | D:3      | Reached XP level 6. HP: 25/34 MP: 8/15
  3333 | D:3      | Found a runed translucent door.
  3334 | D:3      | Noticed Crazy Yiuf
  3552 | D:3      | Killed Crazy Yiuf
  3880 | D:4      | Learned a level 1 spell: Apportation
  3885 | D:4      | Learned a level 4 spell: Brom's Barrelling Boulder
  3889 | D:4      | Reached skill level 5 in Earth Magic
  4070 | D:4      | Reached XP level 7. HP: 38/38 MP: 13/17
  4166 | D:4      | Found a blossoming altar of Fedhas.
  4670 | D:5      | Entered Level 5 of the Dungeon
  4902 | D:5      | Reached skill level 6 in Spellcasting
  5009 | D:5      | Found a hazy altar of Hepliaklqana.
  5219 | D:5      | Noticed Prince Ribbit
  5241 | D:5      | Killed Prince Ribbit
  5242 | D:5      | Reached skill level 5 in Conjurations
  5313 | D:5      | Reached XP level 8. HP: 36/43 MP: 10/20
  5739 | D:5      | Reached skill level 7 in Spellcasting
  5803 | D:5      | Learned a level 4 spell: Petrify
  5808 | D:5      | Learned a level 4 spell: Summon Blazeheart Golem
  5954 | D:6      | Reached skill level 1 in Ranged Weapons
  5983 | D:6      | Reached skill level 5 in Summonings
  5983 | D:6      | Reached skill level 1 in Fire Magic
  6195 | D:6      | HP: 2/45 [poisoned by a kobold brigand]
  6242 | D:6      | Noticed Duvessa
  6242 | D:6      | Noticed Dowan
  6262 | D:6      | HP: 2/45 [Duvessa/+4 rapier of venom (11)]
  6266 | D:6      | Killed Duvessa
  6267 | D:6      | Reached XP level 9. HP: 4/49 MP: 1/21
  6267 | D:6      | Killed Dowan
  6299 | D:6      | HP: 3/73 [kobold/+0 dagger (2)]
  6326 | D:6      | Slain by a yak

Illustrated notes

Levels and vault maps discovered:
D:1:      saegor_arrival_under_anarchy, layout_basic, serial_shops, shop,
          serial_glass, glass_columns_a, glass_columns_b
D:2:      layout_loops_ring, hellmonk_ecumenical_altar_crossroads
D:3:      layout_loops_ring, tgw_kikubaaqudgha, uniq_natasha, uniq_ijyb,
          uniq_crazy_yiuf_cottage
D:4:      layout_basic, fedhas_altar_2, minmay_misc_feat_chi, minmay_small_thing
D:5:      layout_rooms, nzn_hepliaklqana_mist_gate, uniq_prince_ribbit1
D:6:      layout_gridville, minmay_temple_entry_poolview,
          chequers_ossuary_entry_cave, dreamdust_gnoll_farm, uniq_duvessa

Skill      XL: |  1  2  3  4  5  6  7  8 |
---------------+-------------------------+-----
Conjurations   | 2 3 4 5 |  5.2
Fighting       | 1 2 |  2.9
Spellcasting   | 4 5 6 7 |  7.0
Summonings     | 1 2 3 4 6 |  6.1
Earth Magic    | 4 5 6 |  6.2
Ranged Weapons | 4 |  4.3
Fire Magic     | 3 |  3.5
Dodging        | |  2.5
Stealth        | |  2.5

Action                     |  1- 3 |  4- 6 |  7- 9 || total
---------------------------+-------+-------+-------++-------
  Melee: Short sword       |     1 |     2 |    30 ||    33
         Punch             |       |       |     1 ||     1
   Fire: Orcbow            |       |       |    48 ||    48
  Throw: Throwing net      |       |       |     1 ||     1
   Cast: Sandblast         |    58 |    72 |     7 ||   137
         Stone Arrow       |       |     9 |    58 ||    67
         Call Canine Famil |       |     1 |     3 ||     4
         Summon Blazeheart |       |       |     2 ||     2
    Use: Scroll            |       |     5 |    11 ||    16
         Potion            |       |       |     6 ||     6
 Armour: Robe              |     6 |    29 |    32 ||    67
         Skin              |       |       |    17 ||    17
  Dodge: Dodged            |    10 |    22 |    21 ||    53
  Block: Other             |       |       |     9 ||     9
         Reflection        |       |       |     2 ||     2
